 Dungeon Crawl Stone Soup version 0.26.0-10-g1f06aea511 (webtiles) character file.

Game seed: 9192732171366531774

4351 Borgoz the Grappler (level 10, -3/88 HPs)
             Began as a Ghoul Gladiator on Jan 15, 2021.
             Was an Initiate of Ashenzari.
             Slain by a yak (11 damage)
             ... on level 8 of the Dungeon.
             The game lasted 00:09:09 (8964 turns).

Borgoz the Grappler (Ghoul Gladiator)               Turns: 8964, Time: 00:09:09

Health: -3/88      AC: 10    Str: 19    XL:     10   Next: 34%
Magic:  9/9        EV: 16    Int:  3    God:    Ashenzari [......]
Gold:   340        SH: 11    Dex: 19    Spells: 9/9 levels left

rFire    . . .     SeeInvis .     - Unarmed
rCold    + . .     Faith    .   h - +0 buckler
rNeg     + + +     Spirit   .   i - +0 ring mail
rPois    ∞         Reflect  +   b - +0 helmet
rElec    .         Harm     .   m - +0 cloak
rCorr    .         Rampage  .   (no gloves)
Will     .....                  x - +0 pair of boots
Stlth    +.........             p - amulet of reflection
HPRegen  0.00/turn              w - +6 ring of dexterity
MPRegen  0.11/turn              (no ring)

@: no status effects
A: claws 1, cold resistance 1, negative energy resistance 3, inhibited
regeneration, torment resistance, unbreathing
a: Renounce Religion, Curse Item


You were on level 8 of the Dungeon.
You worshipped Ashenzari.
Ashenzari was noncommittal.
You visited 2 branches of the dungeon, and saw 10 of its levels.
You also visited: Sewer.

You collected 340 gold pieces.

Inventory:

Missiles
 c - 3 throwing nets (quivered)
Armour
 b - a +0 helmet (worn)
 h - a +0 buckler (worn)
 i - a +0 ring mail (worn)
 m - a +0 cloak (worn)
 x - a +0 pair of boots (worn)
Jewellery
 p - an amulet of reflection (around neck)
 w - a +6 ring of dexterity (left claw)
 E - a +6 ring of intelligence
Wands
 l - a wand of acid (26)
 z - a wand of digging (7)
 C - a wand of paralysis (9)
Scrolls
 a - a scroll of blinking
 j - 7 scrolls of teleportation
 n - 2 scrolls of fog {unknown}
 t - 4 scrolls of enchant weapon
 u - 3 scrolls of remove curse
 y - 2 scrolls of random uselessness {unknown}
 A - 4 scrolls of fear
 B - a scroll of immolation {unknown}
 D - a scroll of summoning {unknown}
 F - a scroll of magic mapping {unknown}
Potions
 d - 5 potions of flight
 e - 3 potions of might
 f - a potion of magic
 g - 4 potions of curing
 k - 2 potions of attraction {unknown}
 o - 3 potions of lignification {unknown}
 q - 2 potions of heal wounds
 r - 3 potions of berserk rage {unknown}
 s - a potion of resistance {unknown}
 v - a potion of ambrosia


   Skills:
 + Level 7.9 Fighting
 - Level 1.7 Throwing
 + Level 6.0 Armour
 + Level 6.7 Dodging
 - Level 5.0 Shields
 + Level 8.2 Unarmed Combat


You had 9 spell levels left.
You didn't know any spells.
Your spell library contained the following spells:

 Spells                   Type           Power        Failure   Level
 Sting                    Tmut/Pois      0%           69%         1
 Poisonous Vapours        Pois/Air       0%           83%         2
 Ignite Poison            Fire/Tmut/Pois 0%           96%         3
 Mephitic Cloud           Conj/Pois/Air  0%           96%         3
 Olgreb's Toxic Radiance  Pois           0%           100%        4


Dungeon Overview and Level Annotations

Branches:
Dungeon (9/15)             Temple (1/1) D:6           Sewer (visited)
   Lair: D:8-11         Orc: D:9-12

Altars:
Ashenzari
Cheibriados
Dithmenos
Elyvilon
Fedhas
Gozag
Hepliaklqana
Kikubaaqudgha
Makhleb
Nemelex Xobeh
Okawaru
Qazlal
Ru
Sif Muna
Trog
Uskayaw
Vehumet
Wu Jian
Xom
Yredelemnul
Zin
The Shining One

Shops:
D:4 (   D:6 *


Innate Abilities, Weirdness & Mutations

You thrive by killing the living.
You are immune to poison.
You have sharp fingernails.
Your flesh is cold resistant. (rC+)
You are immune to negative energy. (rN+++)
You do not regenerate when monsters are visible.
You are immune to unholy pain and torment.
You can survive without breathing.


Message History

You closely miss the killer bee.
The killer bee stings you but does no damage.
You block the yak's attack.
You scratch the killer bee.
The killer bee is lightly wounded.
You block the killer bee's attack. The yak misses you.
The killer bee completely misses you. The yak barely misses you.
You claw the killer bee!
The killer bee is heavily wounded.
You block the killer bee's attack. The yak gores you but does no damage.
The yak completely misses you. The killer bee closely misses you.
You claw the killer bee!
You kill the killer bee!
You block the yak's attack. The yak gores you but does no damage.
Unknown command.
Unknown command.
You claw the yak!
You kill the yak!
You feel better. The yak gores you!
You die...

##..######## #..## #####
#.## ##..<. ### ##.#
#..... #.# #>.# ####.....
##.# ###.## #........
#..# ##...# #.#####..
##.## ####Y)### #.# ##.#
#..# #####YY@†#######.#
#..# ...#
#.....#####......# #.##
.#.#######.##### #.######
#.# ...####....# #.####
#.# ...####.#### #....#
#.# ...####.# ######....#
#.#
........#######>........#
#.#
.........((")..(##..###.#
##.#
_......######(.....##
#.#####..##


You could see 3 yaks.

Vanquished Creatures
  A two-headed ogre (D:8)
  Maurice (D:8)
  Prince Ribbit (D:7)
  Sigmund (D:3)
  A yak (D:8)
  A sky beast (D:8)
  2 phantoms (D:6)
  2 black bears
  A necrophage (D:5)
  6 centaurs
  4 ogres
  A big kobold (Sewer)
  3 bullfrogs
  A gnoll sergeant (D:7)
  4 scorpions
  4 killer bees
  A centaur zombie (D:5)
  A jelly (D:6)
  2 bullfrog zombies
  4 hounds
  4 orc priests
  Terence (D:2)
  Natasha (twice) (D:3)
  2 orc wizards (D:7)
  7 worker ants
  A killer bee zombie (D:8)
  A mummy (D:8)
  7 adders
  5 gnolls
  A howler monkey skeleton (D:6)
  2 river rats (Sewer)
  A shadow imp (D:5)
  2 white imps
  2 ufetubi
  An adder zombie (D:6)
  An adder skeleton (D:6)
  3 worms (D:3)
  3 leopard geckos
  20 orcs
  3 ball pythons
  3 bats
  5 giant cockroaches
  6 goblins
  9 hobgoblins
  9 jackals
  8 frilled lizards
  A jackal skeleton (D:4)
  8 kobolds
  A leopard gecko skeleton (D:7)
  A leopard gecko zombie (D:5)
  A quokka skeleton (D:5)
  A quokka zombie (D:5)
  7 rats
171 creatures vanquished.

Vanquished Creatures (others)
  An orc (D:8)
1 creature vanquished.

Grand Total: 172 creatures vanquished

Notes
Turn   | Place    | Note
-------+----------+-------------------------------------------
     0 | D:1      | Borgoz the Ghoul Gladiator began the quest for the Orb.
     0 | D:1      | Reached XP level 1. HP: 17/17 MP: 0/0
    33 | D:1      | Reached XP level 2. HP: 12/25 MP: 1/1
   463 | D:1      | Reached skill level 1 in Armour
   463 | D:1      | Reached XP level 3. HP: 30/30 MP: 2/2
  1146 | D:2      | Noticed Terence
  1157 | D:2      | Killed Terence
  1158 | D:2      | Reached XP level 4. HP: 38/38 MP: 3/3
  1183 | D:2      | Found a white marble altar of Elyvilon.
  1667 | D:3      | Reached skill level 4 in Unarmed Combat
  1667 | D:3      | Reached XP level 5. HP: 19/45 MP: 4/4
  1943 | D:3      | Noticed Sigmund
  1958 | D:3      | Killed Sigmund
  1959 | D:3      | Reached XP level 6. HP: 29/52 MP: 5/5
  2241 | D:3      | Noticed Natasha
  2259 | D:3      | Killed Natasha
  2637 | D:3      | Reached skill level 5 in Unarmed Combat
  2846 | D:3      | Noticed Natasha
  2858 | D:3      | Killed Natasha
  3082 | D:4      | Reached XP level 7. HP: 60/60 MP: 6/6
  3205 | D:4      | Found a glowing drain.
  3227 | Sewer    | Entered a sewer
  3318 | Sewer    | Reached skill level 1 in Shields
  3396 | Sewer    | Found a glowing silver altar of Zin.
  3653 | D:4      | Found Fyobuvu's Weapon Emporium.
  3960 | D:5      | Entered Level 5 of the Dungeon
  4351 | D:5      | Reached skill level 5 in Fighting
  4351 | D:5      | Reached XP level 8. HP: 50/68 MP: 7/7
  4575 | D:5      | Found a blossoming altar of Fedhas.
  4956 | D:5      | Reached skill level 6 in Unarmed Combat
  5220 | D:5      | Reached skill level 5 in Dodging
  5679 | D:6      | Reached XP level 9. HP: 69/75 MP: 8/8
  5717 | D:6      | Found Jono's General Store.
  6037 | D:6      | Found a staircase to the Ecumenical Temple.
  6159 | D:6      | Reached skill level 7 in Unarmed Combat
  6176 | D:6      | Reached skill level 5 in Armour
  6313 | Temple   | Entered the Ecumenical Temple
  6373 | Temple   | Became a worshipper of Ashenzari the Shackled
  6588 | D:6      | Found a hide-covered altar of Uskayaw.
  6597 | D:6      | Found a basalt altar of Yredelemnul.
  7344 | D:7      | Noticed Prince Ribbit
  7833 | D:7      | Killed Prince Ribbit
  8060 | D:8      | Found a snail-covered altar of Cheibriados.
  8064 | D:8      | Noticed a two-headed ogre
  8070 | D:8      | Noticed Maurice
  8082 | D:8      | Killed a two-headed ogre
  8083 | D:8      | Reached XP level 10. HP: 47/86 MP: 9/9
  8129 | D:8      | Reached skill level 8 in Unarmed Combat
  8712 | D:8      | Killed Maurice
  8713 | D:8      | Reached skill level 5 in Shields
  8835 | D:8      | Found a shimmering blue altar of Sif Muna.
  8959 | D:8      | HP: 1/88 [yak (7)]
  8964 | D:8      | Slain by a yak

Illustrated notes

Levels and vault maps discovered:
D:1:      onia_arrival_pentagram, layout_basic, chequers_serial_rivers_small_b
D:2:      layout_basic, elyvilon_altar_1, uniq_terence
D:3:      layout_loops_corners, kennysheep_big_empty_room, fountainhead,
          uniq_natasha, uniq_sigmund
D:4:      layout_basic, serial_shops, shop, cheibrodos_sewer_entry_drain
D:5:      layout_basic, kennysheep_mini_moat
D:6:      layout_loops_ring, amethyst_overflow_temple_binary,
          minmay_temple_entry_tees, serial_shops,
          nicolae_shop_temple_entry_statues_fountains
D:7:      layout_rooms, minmay_misc_feat_hallway, nicolae_zen_rock_garden,
          uniq_prince_ribbit1
D:8:      layout_rooms, slow_altar_1, led_sif_pool, uniq_maurice
D:9:      layout_roguey, minmay_lair_entry_grove, serial_shops, shop,
          special_room [special_room_orc], st_stairs_6, uniq_pikel
Temple:   minmay_crystal_spiral_temple

Skill      XL: |  1  2  3  4  5  6  7  8  9 10 |
---------------+-------------------------------+-----
Dodging        | 3 4 5 6 |  6.7
Armour         | 1 2 3 4 5 6 |  6.0
Fighting       | 3 4 5 6 7 |  7.9
Unarmed Combat | 4 5 6 7 8 |  8.2
Shields        | 1 3 4 5 |  5.0
Throwing       | |  1.7

Action                   |  1- 3 |  4- 6 |  7- 9 | 10-12 || total
-------------------------+-------+-------+-------+-------++-------
Melee: Unarmed           |    95 |   139 |   491 |   100 ||   825
       Punch             |       |     1 |       |       ||     1
Throw: Throwing net      |     1 |       |       |       ||     1
Evoke: Wand              |       |       |       |     2 ||     2
  Use: Scroll            |     3 |     5 |     4 |     1 ||    13
       Potion            |       |       |       |     2 ||     2
 Stab: Held in net/web   |     1 |       |       |       ||     1
       Paralysed         |       |       |       |     3 ||     3
Armor: Leather armour    |    25 |       |       |       ||    25
       Ring mail         |     3 |    32 |   141 |    20 ||   196
Dodge: Dodged            |    52 |    61 |   236 |    66 ||   415
Block: Buckler           |       |       |   160 |    57 ||   217
       Reflection        |       |       |     7 |     4 ||    11
